 Dungeon Crawl Stone Soup version 0.20.1-1-g8b1a95d (webtiles) character file.

240 vineage the Slasher (level 5, 0/40 HPs)
             Began as a Demonspawn Gladiator on Sept 1, 2017.
             Slain by a gnoll
             ... wielding a +0 spear
              (1 damage)
             ... on level 4 of the Dungeon.
             The game lasted 00:04:38 (2228 turns).

vineage the Slasher (Demonspawn Gladiator)          Turns: 2228, Time: 00:04:38

Health: 0/40       AC:  7    Str: 15    XL:     5   Next: 79%
Magic:  5/5        EV: 19    Int:  9    God:
Gold:   78         SH:  0    Dex: 20    Spells: 4/4 levels left

rFire    + . .     SeeInvis .   a - +0 long sword
rCold    + . .     Gourm    .   (no shield)
rNeg     . . .     Faith    .   b - +0 leather armour
rPois    +         Spirit   .   c - +0 helmet
rElec    +         Reflect  .   p - +0 cloak
rCorr    +         Harm     .   (no gloves)
MR       .....                  (no boots)
Stlth    +++.......             (no amulet)
Regen    0.2/turn               (no ring)
MPRegen  0.1/turn               (no ring)

@: agile, resistant, hasted, very quick
A: hooves 1, icy blue scales 1, powered by death 1
a: no special abilities


You were on level 4 of the Dungeon.
You were hungry.

You visited 1 branch of the dungeon, and saw 4 of its levels.

You collected 78 gold pieces.

Inventory:

Hand Weapons
 a - a +0 long sword (weapon)
 s - a +2 spear of flaming
Missiles
 d - 3 throwing nets (quivered)
Armour
 b - a +0 leather armour (worn)
 c - a +0 helmet (worn)
 p - a +0 cloak (worn)
Scrolls
 e - 2 scrolls of random uselessness {unknown}
 i - 2 scrolls of identify
 j - 4 scrolls of teleportation {unknown}
 k - 4 scrolls of remove curse {unknown}
 n - a scroll of enchant weapon {unknown}
 o - 3 scrolls of amnesia {unknown}
 q - a scroll of immolation {unknown}
Potions
 h - 2 potions of lignification
 l - a potion of resistance
Comestibles
 f - 4 bread rations


   Skills:
 + Level 2.9 Fighting
 + Level 4.3 Long Blades
 + Level 1.8 Throwing
 + Level 1.5 Armour
 + Level 3.7 Dodging
 + Level 1.1 Stealth


You had 4 spell levels left.
You didn't know any spells.

Dungeon Overview and Level Annotations

Branches:
Dungeon (4/15)
 Temple: D:4-7

Altars:

Shops:
D:4 !

Annotations:
D:4 vatarom's ghost, amateur DsCK


Innate Abilities, Weirdness & Mutations

You have large cloven feet.
You are partially covered in icy blue scales. (AC +2)
You regenerate a little health from kills.


Message History

You kick the crimson imp, but do no damage.
The gnoll closely misses you. The crimson imp completely misses you.
The gnoll hits you from afar with a spear.
* * * LOW HITPOINT WARNING * * *
You hit the crimson imp.
You kick the crimson imp, but do no damage.
The crimson imp is lightly wounded.
The crimson imp misses you. The gnoll barely misses you.
The gnoll closely misses you.
You see here a club.
You closely miss the gnoll. You kick the gnoll, but do no damage.
The gnoll is heavily wounded.
The crimson imp shouts, "Slither home, thou gorbellied hedge-born reprobate!"
The gnoll misses you. The gnoll closely misses you.
You hit the gnoll. Your kick misses the gnoll.
The gnoll is almost dead.
The crimson imp hits you.
* * * LOW HITPOINT WARNING * * *
The gnoll hits you with a spear.
You die...

.....g...##.g..#.....#
.W......##.....#.....##.
...........gg.l.#.......
...........l.#g.....#
............####....# .
..............#.#...# ..
............###g#...## ..# #.
#............##.#....###...# #.
.......#......5@g........... ##.
.............##..#...........#..
#....#..........##.............
#........#...#.##.###..### #.
.#....#.#.####..# #..# #
##...##... #..# #.######
#...#...#.##.## #...##.. ..
.........## #....... .........##
#.####..


You could see 2 gnolls and a crimson imp.

Vanquished Creatures
  2 orc wizards (D:3)
  4 gnolls
  5 adders
  An ooze (D:3)
  A worm (D:2)
  2 dart slugs
  2 leopard geckos
  5 orcs (D:3)
  5 giant cockroaches
  11 goblins
  5 hobgoblins
  8 jackals
  4 quokkas (D:3)
  2 ball pythons
  8 bats
  3 frilled lizards
  6 kobolds
  9 rats
83 creatures vanquished.

Notes
Turn   | Place    | Note
-------+----------+-------------------------------------------
     0 | D:1      | vineage the Demonspawn Gladiator began the quest for the Orb.
     0 | D:1      | Reached XP level 1. HP: 16/16 MP: 1/1
    61 | D:1      | Gained mutation: You regenerate a little health from kills. [demonic ancestry]
    61 | D:1      | Reached XP level 2. HP: 15/22 MP: 2/2
   188 | D:1      | Reached skill level 3 in Long Blades
   804 | D:1      | Reached XP level 3. HP: 27/27 MP: 3/3
  1004 | D:2      | Gained mutation: You are partially covered in icy blue scales. (AC +2) [demonic ancestry]
  1004 | D:2      | Reached XP level 4. HP: 28/34 MP: 4/4
  1384 | D:2      | Reached skill level 1 in Armour
  1703 | D:3      | Gained mutation: You have large cloven feet. [demonic ancestry]
  1703 | D:3      | Reached XP level 5. HP: 36/40 MP: 5/5
  1709 | D:3      | Reached skill level 4 in Long Blades
  1845 | D:3      | Reached skill level 1 in Stealth
  2159 | D:4      | Found Uttem's Distillery.
  2191 | D:4      | Noticed vatarom's ghost (amateur DsCK)
  2228 | D:4      | HP: 1/40 [crimson imp (3)]
  2228 | D:4      | Slain by a gnoll

Skill      XL: |  1  2  3  4  5 |
---------------+----------------+-----
Dodging        | 3 |  3.7
Long Blades    | 3 4 |  4.3
Armour         | 1 |  1.5
Stealth        | 1 |  1.1
Fighting       | |  2.9
Throwing       | |  1.8

Action                   |  1- 3 |  4- 6 || total
-------------------------+-------+-------++-------
Melee: Long sword        |   107 |   118 ||   225
       Kick              |       |    23 ||    23
  Use: Scroll            |       |     4 ||     4
       Potion            |       |     4 ||     4
 Stab: Sleeping          |       |     2 ||     2
  Eat: Chunk             |       |     4 ||     4
Armor: Leather armour    |    36 |    48 ||    84
Dodge: Dodged            |   109 |   124 ||   233
       Rpst.: Long sword |    35 |    38 ||    73
